AoeStats
← Chiripa605

Nomad

508439648Analyzed
4v4 RM · 9d ago on Sep 22, 2026· 38m 34s· 8 players
Game mode
Random Map
Map size
231×231
Population
200
Speed
Normal
Resources
Standard
Victory
Conquest
Starting age
Dark Age
Ending age
Imperial Age
RankedLock teamsTeams togetherTeam positionsShared explorationLock speedFull tech treeHidden civsTurbo modeCheats
Victory
Defeat
🇺🇸 Malians · United States
1368
+14
🇯🇵 Spanish · Japan
1352
+15
🇭🇰 Japanese · Hong Kong SAR China
1346
+15
🇨🇭 Mongols · Switzerland
1334
+15
🇨🇴 Chinese · Colombia
1379
-17
🇮🇳 Vietnamese · India
1353
-16
🇨🇳 Turks · China
1275
-13
🇹🇼 Portuguese · Taiwan
1273
-13
Chiripa605
4:52 Loom
13:22 Feudal Age
14:07 Double-Bit Axe
16:40 Wheelbarrow
20:31 Castle Age
18:43 Gold Mining
21:28 Medium Warships
22:31 Forging
22:41 Bow Saw
23:12 Hand Cart
23:31 Careening
24:27 Fishing Lines
25:35 Gillnets
26:49 Stone Mining
27:50 Horse Collar
28:47 Heavy Plow
29:56 Scale Mail Armor
30:21 Squires
30:07 Arson
30:53 Chain Mail Armor
30:42 Town Watch
33:59 Imperial Age
32:28 Iron Casting
33:58 Fletching
35:13 Plate Mail Armor
34:18 Elite Gbeto
36:52 Conscription
lorddoc
4:43 Loom
12:44 Feudal Age
16:30 Castle Age
20:02 Fletching
21:19 Bodkin Arrow
21:56 Padded Archer Armor
21:58 Double-Bit Axe
25:13 Ballistics
28:08 Wheelbarrow
28:51 Bow Saw
33:03 Husbandry
33:18 Bloodlines
33:16 Thumb Ring
34:02 Leather Archer Armor
35:16 Hand Cart
chaukimwa1991
6:21 Loom
15:12 Feudal Age
15:45 Double-Bit Axe
16:14 Fletching
20:46 Castle Age
21:03 Wheelbarrow
21:41 Medium Warships
21:12 Fishing Lines
21:31 Bodkin Arrow
21:49 Bow Saw
23:08 Hand Cart
23:23 Stone Mining
23:43 Town Watch
23:50 Gold Mining
24:36 Gillnets
24:33 Horse Collar
27:19 Scale Mail Armor
27:30 Forging
27:22 Heavy Plow
28:37 Gold Shaft Mining
29:21 Chain Mail Armor
29:41 Iron Casting
29:28 Squires
29:16 Arson
34:10 Imperial Age
35:38 Plate Mail Armor
36:08 Blast Furnace
35:09 Bracer
34:52 Treadmill Crane
34:47 Capped Ram
36:54 Conscription
37:37 Kataparuto
37:46 Elite Samurai
38:30 Bracer
PeterWong1988
3:23 Loom
15:58 Feudal Age
20:14 Castle Age
23:24 Double-Bit Axe
27:02 Ballistics
28:15 Forging
28:10 Padded Archer Armor
30:20 Horse Collar
31:48 Fletching
37:41 Heavy Plow
38:24 Bodkin Arrow
38:47 Leather Archer Armor
alex1993327
3:32 Loom
15:49 Feudal Age
21:53 Castle Age
21:46 Double-Bit Axe
29:50 Bow Saw
30:08 Horse Collar
31:28 Heavy Plow
adi.rathore
4:37 Loom
14:04 Feudal Age
18:01 Castle Age
16:30 Double-Bit Axe
16:59 Stone Mining
22:54 Horse Collar
23:56 Fletching
24:52 Bodkin Arrow
25:31 Padded Archer Armor
27:33 Leather Archer Armor
29:01 Wheelbarrow
29:07 Ballistics
31:01 Hand Cart
35:33 Imperial Age
36:21 Bracer
37:02 Ring Archer Armor
Salkeliet
5:06 Loom
14:19 Feudal Age
18:56 Castle Age
18:19 Stone Mining
18:20 Double-Bit Axe
20:21 Medium Warships
24:11 Horse Collar
29:57 Fletching
30:09 Padded Archer Armor
33:19 Wheelbarrow
34:38 Leather Archer Armor
Sebasky
3:22 Loom
15:09 Feudal Age
16:01 Double-Bit Axe
19:02 Castle Age
19:47 Fletching
20:09 Bow Saw
20:25 Bodkin Arrow
29:39 Horse Collar
31:01 Wheelbarrow
31:04 Horse Collar
31:32 Guard Tower
32:48 Ballistics
32:29 Padded Archer Armor
38:05 Imperial Age
Connection lost

Rejoining the realm…

Still unreachable

The connection could not be restored.

Session expired

The server has moved on; the page needs a fresh start.